 Dungeon Sprint DCSS version 0.22-a0-322-g60b3cfd (webtiles) character file.

142 emperorscorpion the Gusty (level 5, -1/28 HPs)
             Began as a Deep Elf Air Elementalist on Apr 5, 2018.
             Was a Follower of Vehumet.
             Slain by a scorpion (9 damage)
             ... in the Dungeon (Sprint IX: "|||||||||||||||||||||||||||||").
             The game lasted 00:01:30 (244 turns).

emperorscorpion the Gusty (DEAE)                     Turns: 244, Time: 00:01:30

Health: -1/28      AC:  2    Str:  5    XL:     5   Next: 3%
Magic:  16/16      EV: 15    Int: 25    God:    Vehumet [*.....]
Gold:   0          SH:  0    Dex: 21    Spells: 10/17 levels left

rFire    + + .     SeeInvis +   o - +2 rapier of Severance {vamp, rElec rF++ Int+4 SInv}
rCold    . . .     Gourm    .   (no shield)
rNeg     . . .     Faith    .   a - +0 robe
rPois    .         Spirit   .   (no helmet)
rElec    +         Reflect  .   (no cloak)
rCorr    .         Harm     .   (no gloves)
MR       .....     NoTele   +   (no boots)
Stlth    +++.......             (no amulet)
HPRegen  0.09/turn              q - +3 ring of dexterity
MPRegen  0.15/turn              r - +3 ring of dexterity

@: no status effects
A: no striking features
a: Renounce Religion


You were in the Dungeon.
You worshipped Vehumet.
Vehumet was aware of your devotion.
You were not hungry.

You visited 1 branch

Inventory:

Hand Weapons
 o - the +2 rapier of Severance (weapon) {vamp, rElec rF++ Int+4 SInv}
   (You found it in the Dungeon)

   It inflicts no extra harm, but heals its wielder when it wounds a living foe.
   It affects your intelligence (+4).
   It greatly protects you from fire.
   It insulates you from electricity.
   It lets you see invisible.
 p - the +2 scimitar "Jopseket" {protect, MR+ Str+3 SInv}
   (You found it in the Dungeon)

   It protects the one who uses it against injury (+AC on strike).
   It affects your strength (+3).
   It affects your resistance to hostile enchantments.
   It lets you see invisible.
Armour
 a - a +0 robe (worn)
 c - a +0 pair of gloves
Magical Staves
 n - an uncursed staff of energy
Jewellery
 q - a +3 ring of dexterity (left hand)
 r - a +3 ring of dexterity (right hand)
Wands
 m - a wand of iceblast (8)
Scrolls
 i - 2 scrolls of blinking
 k - 3 scrolls of remove curse
 l - 2 scrolls of amnesia
Potions
 d - 5 potions of curing
 e - 3 potions of heal wounds
 f - a potion of haste
 g - 4 potions of magic
 h - a potion of berserk rage
 j - a potion of invisibility
Comestibles
 b - 2 chunks of flesh


   Skills:
 + Level 1.0 Short Blades
 + Level 4.4 Dodging
 + Level 4.5 Stealth
 + Level 6.9 Spellcasting
 + Level 2.2 Conjurations
 + Level 7.9 Air Magic
 + Level 0.1 Evocations


You had 10 spell levels left.
You knew the following spells:

 Your Spells              Type           Power        Failure   Level  Hunger
a - Shock                 Conj/Air       ####         1%          1    None
b - Swiftness             Chrm/Air       ####....     1%          2    None
c - Airstrike             Air            #####.....   2%          4    ###....


Dungeon Overview and Level Annotations

Branches:
Dungeon (1/1)

Altars:
Cheibriados
Dithmenos
Elyvilon
Fedhas
Gozag
Hepliaklqana
Kikubaaqudgha
Makhleb
Nemelex Xobeh
Okawaru
Qazlal
Ru
Sif Muna
Trog
Uskayaw
Vehumet
Wu Jian
Xom
Yredelemnul
Zin
The Shining One
Beogh
Jiyva
Lugonu


Message History

You start memorising the spell.
You continue memorising. x4
You finish memorising.
Spell assigned to 'c'.
You start resting.
Magic restored.
You open the door. The killer bee closely misses you.
You hit the killer bee.
You kill the killer bee!
Vehumet accepts your kill.
You can now gain magical power from killing.
Vehumet offers you knowledge of Freeze.
Your Short Blades skill increases to level 1!
You have reached level 5!
You barely miss the scorpion.
The howler monkey hoots and howls with incredible vigour!
The scorpion misses you.
You hear an angry buzzing noise.
You barely miss the scorpion. The scorpion stings you.
* * * LOW HITPOINT WARNING * * *
You hit the scorpion but do no damage. The scorpion stings you!
You die...

▓.▓
▓.▓
▓.▓
▓)▓
▓[▓
▓.▓
▓[▓
▓.▓
▓@▓
▓s▓
▓c▓
▓h▓
▓.▓
▓.▓
▓.▓
▓.▓


You could see a centaur, a scorpion and a howler monkey.

Vanquished Creatures
  A centaur (D)
  A killer bee (D)
  A gnoll (D)
  2 leopard geckos (D)
  An orc (D)
  A bat zombie (D)
  A giant cockroach (D)
  A goblin (D)
  A hobgoblin (D)
  2 kobolds (D)
  A jackal zombie (D)
13 creatures vanquished.

Notes
Turn   | Place    | Note
-------+----------+-------------------------------------------
     0 | D        | emperorscorpion the Deep Elf Air Elementalist began the quest for the Orb.
     0 | D        | Reached XP level 1. HP: 10/10 MP: 6/6
     5 | D        | Reached skill level 4 in Air Magic
   135 | D        | Reached XP level 2. HP: 15/15 MP: 6/8
   140 | D        | Reached skill level 5 in Air Magic
   149 | D        | Found a roughly hewn altar of Beogh.
   149 | D        | Found a snail-covered altar of Cheibriados.
   149 | D        | Found a shadowy altar of Dithmenos.
   149 | D        | Found a white marble altar of Elyvilon.
   149 | D        | Found a blossoming altar of Fedhas.
   149 | D        | Found an opulent altar of Gozag.
   150 | D        | Found a hazy altar of Hepliaklqana.
   151 | D        | Found a viscous altar of Jiyva.
   152 | D        | Found an ancient bone altar of Kikubaaqudgha.
   153 | D        | Found a corrupted altar of Lugonu.
   154 | D        | Found a burning altar of Makhleb.
   155 | D        | Found a sparkling altar of Nemelex Xobeh.
   156 | D        | Found an iron altar of Okawaru.
   157 | D        | Found a stormy altar of Qazlal.
   158 | D        | Found a sacrificial altar of Ru.
   159 | D        | Found a deep blue altar of Sif Muna.
   160 | D        | Found a bloodstained altar of Trog.
   161 | D        | Found a hide-covered altar of Uskayaw.
   162 | D        | Found a radiant altar of Vehumet.
   163 | D        | Found an ornate altar of the Wu Jian Council.
   164 | D        | Found a shimmering altar of Xom.
   165 | D        | Found a basalt altar of Yredelemnul.
   166 | D        | Found a glowing silver altar of Zin.
   167 | D        | Found a glowing golden altar of the Shining One.
   170 | D        | Became a worshipper of Vehumet
   186 | D        | Got the +2 rapier of Severance {vamp, rElec rF++ Int+4 SInv}
   186 | D        | Got the +2 scimitar "Jopseket" {protect, MR+ Str+3 SInv}
   202 | D        | Learned a level 2 spell: Swiftness
   210 | D        | Noticed a centaur
   210 | D        | Noticed a killer bee
   210 | D        | Noticed a scorpion
   210 | D        | Noticed a centaur
   210 | D        | Noticed a howler monkey
   212 | D        | Killed a centaur
   212 | D        | Reached skill level 7 in Air Magic
   212 | D        | Reached XP level 3. HP: 6/19 MP: 9/12
   212 | D        | Reached XP level 4. HP: 7/24 MP: 10/14
   219 | D        | Learned a level 4 spell: Airstrike
   241 | D        | Reached * piety under Vehumet
   241 | D        | Offered knowledge of Freeze by Vehumet.
   241 | D        | Reached skill level 1 in Short Blades
   241 | D        | Reached XP level 5. HP: 11/28 MP: 16/16
   244 | D        | Slain by a scorpion

Vault maps used:
D:        linesprint

Skill      XL: |  1  2  3  4 |
---------------+-------------+-----
Air Magic      | 4 7 |  7.9
Stealth        | 4 |  4.5
Spellcasting   | 6 |  6.9
Dodging        | 4 |  4.4
Conjurations   | 2 |  2.2
Short Blades   | 1 |  1.0
Evocations     | |  0.1

Action                   |  1- 3 |  4- 6 || total
-------------------------+-------+-------++-------
Melee: Rapier            |       |     4 ||     4
 Cast: Shock             |    11 |       ||    11
Evoke: Wand              |     1 |     1 ||     2
  Eat: Ration            |     1 |       ||     1
Dodge: Dodged            |     5 |     2 ||     7

Table legend:
 A = Spawn XP
 B = Non-spawn XP
 C = Spawn XP percentage of total XP
 D = Spawn monster count
 E = Non-spawn monster count
 F = Spawn count percentage of total count
 G = Total turns spent on level
                    A         B        C        D         E        F      G
               +---------+---------+-------+---------+---------+-------+---------
         Total |       0 |     203 |   0.0 |       0 |      13 |   0.0 |   244
               +---------+---------+-------+---------+---------+-------+---------
             D |       0 |     203 |   0.0 |       0 |      13 |   0.0 |   244
               +---------+---------+-------+---------+---------+-------+---------
